AoeStats
← Kiritastrich

QS Arena

503118413Analyzed
1v1 RM · 1mo ago on Aug 30, 2026· 35m 0s· 2 players
Game mode
Random Map
Map size
Tiny (2 player)
Population
200
Speed
Normal
Resources
Standard
Victory
Conquest
Starting age
Dark Age
Ending age
Imperial Age
RankedLock teamsTeams togetherTeam positionsShared explorationLock speedFull tech treeHidden civsTurbo modeCheats
Victory
Defeat
🇩🇪 Teutons · Germany
1792
+20
🇷🇺 Magyars · Russia
1886
-20
yaniversary
8:12 Feudal Age
11:52 Castle Age
10:23 Double-Bit Axe
11:13 Horse Collar
11:56 Gold Mining
16:46 Bow Saw
21:39 Heavy Plow
22:16 Wheelbarrow
21:47 Stone Mining
26:16 Imperial Age
24:02 Loom
24:41 Hand Cart
24:12 Town Watch
24:20 Fletching
24:46 Padded Archer Armor
25:03 Bodkin Arrow
26:13 Ballistics
26:48 Leather Archer Armor
27:56 Chemistry
27:50 Conscription
27:34 Town Watch
28:25 Crenellations
29:19 Capped Ram
30:15 Siege Engineers
31:32 Ironclad
30:41 Heavy Scorpion
34:15 Bombard Tower
34:17 Masonry
34:37 Scale Mail Armor
34:40 Squires
35:52 Chain Mail Armor
Kiritastrich
8:22 Feudal Age
12:48 Castle Age
11:35 Double-Bit Axe
13:04 Light Cavalry
15:27 Husbandry
17:20 Horse Collar
19:42 Wheelbarrow
21:55 Bow Saw
22:33 Hand Cart
24:57 Stone Mining
24:59 Gold Mining
27:52 Imperial Age
25:27 Fletching
26:17 Bodkin Arrow
26:24 Padded Archer Armor
27:59 Leather Archer Armor
28:26 Ballistics
28:04 Heavy Cavalry Archer
28:45 Bracer
29:55 Chemistry
29:46 Bloodlines
30:36 Thumb Ring
31:45 Parthian Tactics
33:07 Masonry
33:02 Hussar
34:03 Scale Barding Armor
34:19 Recurve Bow
34:35 Corvinian Army
Connection lost

Rejoining the realm…

Still unreachable

The connection could not be restored.

Session expired

The server has moved on; the page needs a fresh start.